 Dungeon Crawl Stone Soup version 0.24-a0-582-g4d4af813a0 (webtiles) character file.

Game seed: 1339572391239940571

355991 MordorOrchid the Peltast (level 22, -1/175 HPs)
             Began as a Gnoll Fighter on Aug 25, 2019.
             Was the Champion of the Shining One.
             Splashed with acid (5 damage)
             ... on level 3 of the Pits of Slime on Aug 26, 2019.
             The game lasted 04:57:38 (32738 turns).

MordorOrchid the Peltast (Gnoll Fighter)           Turns: 32738, Time: 04:57:39

Health: -1/175     AC: 29    Str: 19    XL:     22   Next: 33%
Magic:  9/40       EV: 14    Int: 27    God:    the Shining One [******]
Gold:   2105       SH: 26    Dex: 17    Spells: 19/49 levels left

rFire    . . .     SeeInvis .   a - +9 war axe (flame)
rCold    + . .     Gourm    .   q - +0 large shield
rNeg     + + +     Faith    .   i - +7 chain mail of Depression {rF- rCorr Int+8 Stlth+}
rPois    +         Spirit   .   b - +1 helmet {Int+3}
rElec    +         Reflect  +   n - +0 cloak {rPois}
rCorr    +         Harm     .   s - +2 pair of gloves {archery}
MR       +....                  (no boots)
Stlth    ++........             H - +6 amulet of reflection
HPRegen  0.39/turn              I - +5 ring of protection
MPRegen  0.27/turn              V - ring of Absolutism {rElec rF+ rC+}

@: corroded, very slightly contaminated, glowing
A: distributed training, fangs 1, dopey 1, subdued magic 1, strong nose
}: 2/15 runes: decaying, gossamer
a: Divine Shield, Cleansing Flame, Summon Divine Warrior, Brand Weapon With Holy
Wrath, Renounce Religion


You were on level 3 of the Pits of Slime.
You worshipped the Shining One.
The Shining One was exalted by your worship.
You were not hungry.

You visited 7 branches of the dungeon, and saw 39 of its levels.
You also visited: Bailey and Volcano.

You collected 3859 gold pieces.
You spent 1754 gold pieces at shops.

Inventory:

Hand Weapons
 a - a +9 war axe of flaming (weapon)
 j - the +5 hand crossbow "Wioguap" {freeze, Str+7}
   (You found it in a bailey)

   It causes projectiles fired from it to freeze those they strike, causing
   extra injury to most foes and up to half again as much damage against
   particularly susceptible opponents.
   They can also slow down cold-blooded creatures.
   It affects your strength (+7).
Missiles
 t - 3 throwing nets
 D - 710 bolts
 K - 10 javelins
 M - 18 boomerangs (quivered)
 P - 6 atropa-tipped darts
Armour
 b - a +1 helmet of intelligence (worn)
 i - the +7 chain mail of Depression (worn) {rF- rCorr Int+8 Stlth+}
   (You found it on level 11 of the Dungeon)

   It affects your intelligence (+8).
   It makes you vulnerable to fire.
   It provides partial protection from all sources of acid and corrosion.
   It makes you more stealthy.
 n - a +0 cloak of poison resistance (worn)
 q - a +0 large shield (worn)
 s - a +2 pair of gloves of archery (worn)
Magical Staves
 x - an uncursed staff of energy
Jewellery
 g - an uncursed amulet of rage
 w - an uncursed ring of protection from fire
 H - a +6 amulet of reflection (around neck)
 I - a +5 ring of protection (left hand)
 V - the ring of Absolutism (right hand) {rElec rF+ rC+}
   (You found it on level 15 of the Dungeon)

   [ring of protection from fire]

   It protects you from fire.
   It protects you from cold.
   It insulates you from electricity.
 Z - an uncursed ring of wizardry
Wands
 c - a wand of iceblast (25)
 d - a wand of acid (10)
 l - a wand of digging (16)
 z - a wand of paralysis (3)
 E - a wand of enslavement (28)
 O - a wand of scattershot (7)
 U - a wand of polymorph (23)
Scrolls
 e - 3 scrolls of fog
 m - 11 scrolls of teleportation
 o - a scroll of summoning
 u - 3 scrolls of magic mapping
 A - 15 scrolls of remove curse
 C - 7 scrolls of identify
 G - 4 scrolls of fear
 T - a scroll of blinking
 W - 3 scrolls of immolation
Potions
 h - 4 potions of haste
 k - 6 potions of brilliance
 p - 5 potions of ambrosia
 r - a potion of heal wounds
 y - a potion of magic
 B - 3 potions of curing
 N - a potion of agility
 Y - 5 potions of resistance
Miscellaneous
 L - a lamp of fire
 S - a phantom mirror
Comestibles
 f - 54 rations


   Skills:
 + Level 15.3 Fighting
 + Level 14.2 Short Blades
 + Level 14.2 Long Blades
 + Level 14.8 Axes
 + Level 14.2 Maces & Flails
 + Level 14.2 Polearms
 + Level 14.2 Staves
 + Level 14.2 Slings
 + Level 14.2 Bows
 + Level 14.2 Crossbows
 + Level 14.2 Throwing
 + Level 15.3 Armour
 + Level 14.2 Dodging
 + Level 14.2 Stealth
 + Level 15.3 Shields
 + Level 14.2 Unarmed Combat
 + Level 14.2 Spellcasting
 + Level 12.2 Conjurations
 + Level 12.2 Hexes
 + Level 12.2 Charms
 + Level 12.2 Summonings
 + Level 12.2 Necromancy
 + Level 12.2 Translocations
 + Level 12.2 Transmutations
 + Level 12.2 Fire Magic
 + Level 12.2 Ice Magic
 + Level 12.2 Air Magic
 + Level 12.2 Earth Magic
 + Level 12.2 Poison Magic
 + Level 15.3 Invocations
 + Level 14.2 Evocations


You had 19 spell levels left.
You knew the following spells:

 Your Spells              Type           Power        Failure   Level  Hunger
a - Confusing Touch       Hex            ######       1%          1    None
b - Olgreb's Toxic Radia  Pois           ######..     2%          4    None
c - Conjure Flame         Conj/Fire      ######..     1%          3    None
g - Mephitic Cloud        Conj/Pois/Air  ######..     1%          3    None
s - Summon Mana Viper     Hex/Summ       ######..     8%          5    #......
w - Passwall              Tmut/Erth      ######..     1%          2    None
x - Blink                 Tloc           N/A          1%          2    None
J - Aura of Abjuration    Summ           ######....   8%          5    #......
S - Summon Forest         Summ/Tloc      ######....   8%          5    #......

Your spell library contained the following spells:

 Spells                   Type           Power        Failure   Level  Hunger
 Animate Skeleton         Necr           N/A          1%          1    None
 Corona                   Hex            ######.      1%          1    None
 Magic Dart               Conj           ####         1%          1    None
 Pain                     Necr           ####         1%          1    None
 Sting                    Conj/Pois      ####         1%          1    None
 Call Imp                 Summ           ######..     1%          2    None
 Ensorcelled Hibernation  Hex/Ice        ######       1%          2    None
 Poisonous Vapours        Pois/Air       ######       1%          2    None
 Slow                     Hex            ######..     1%          2    None
 Confuse                  Hex            ######..     1%          3    None
 Dazzling Spray           Conj/Hex       ######       1%          3    None
 Gell's Gravitas          Tloc           ######....   1%          3    None
 Inner Flame              Hex/Fire       ######..     1%          3    None
 Portal Projectile        Hex/Tloc       ######       1%          3    None
 Recall                   Summ/Tloc      N/A          1%          3    None
 Regeneration             Chrm/Necr      ######....   1%          3    None
 Spider Form              Tmut/Pois      ######....   1%          3    None
 Tukima's Dance           Hex            ######..     1%          3    None
 Vampiric Draining        Necr           ######....   1%          3    None
 Animate Dead             Necr           N/A          2%          4    None
 Cause Fear               Hex            ######....   2%          4    None
 Force Lance              Conj/Tloc      ######..     2%          4    None
 Ice Form                 Ice/Tmut       ######..     2%          4    None
 Leda's Liquefaction      Hex/Erth       ######....   2%          4    None
 Petrify                  Tmut/Erth      ######..     2%          4    None
 Bolt of Magma            Conj/Fire/Erth ######....   8%          5    #......
 Metabolic Englaciation   Hex/Ice        ######....   8%          5    #......
 Silence                  Hex/Air        ######....   8%          5    #......
 Summon Demon             Summ           ######....   8%          5    #......
 Venom Bolt               Conj/Pois      ######....   8%          5    #......
 Yara's Violent Unravell  Hex/Tmut       ######....   8%          5    #......
 Dispersal                Tloc           ######....   43%         6    ####...
 Invisibility             Hex            ######..     43%         6    ####...
 Iron Shot                Conj/Erth      ######....   43%         6    ####...
 Poison Arrow             Conj/Pois      ######....   43%         6    ####...
 Shadow Creatures         Summ           N/A          43%         6    ####...
 Statue Form              Tmut/Erth      ######...    43%         6    ####...
 Ring of Flames           Chrm/Fire      ######....   95%         7    ######.
 Chain Lightning          Conj/Air       ######....   100%        8    #######
 Controlled Blink         Tloc           N/A          100%        8    #######
 Discord                  Hex            ######....   100%        8    #######
 Disjunction              Tloc           ######....   100%        8    #######
 Lehudib's Crystal Spear  Conj/Erth      ######....   100%        8    #######
 Fire Storm               Conj/Fire      ######....   100%        9    #######
 Glaciate                 Conj/Ice       ######....   100%        9    #######
 Shatter                  Erth           ######....   100%        9    #######


Dungeon Overview and Level Annotations

Branches:
Dungeon (15/15)            Temple (0/1) D:5            Lair (6/6) D:11
  Swamp (4/4) Lair:4       Spider (4/4) Lair:2        Slime (4/5) Lair:5
    Orc (2/2) D:11            Elf (0/3) Orc:2        Vaults (4/5) D:13
  Crypt (0/3) Vaults:3     Depths (0/5) D:15         Bailey (visited)
Volcano (visited)

Altars:
Ashenzari
Kikubaaqudgha
Makhleb
Okawaru
Qazlal
Trog
Uskayaw
Yredelemnul
The Shining One
Jiyva

Shops:
D:4 }   Orc:1 [   Orc:2 ?}([

Portals:
Trove: D:11 (give 8 potions of agility)

Annotations:
Lair:2 2 exclusions
Lair:6 3 runed translucent doors, GordonOverkill's ghost, journeyman TrAM
Swamp:1 3 runed translucent doors, Gynju's ghost, adept BaFi


Innate Abilities, Weirdness & Mutations

Your experience applies equally to all skills.
You have very sharp teeth.
Your uncanny sense of smell can sniff out nearby items.
You are dopey. (Int -2)
Your spells are a little easier to cast, but a little less powerful.


Message History

The azure jelly completely misses you. The azure jelly hits you.
The azure jelly freezes you! You resist. The azure jelly barely misses you.
You block the azure jelly's attack. The slime creature closely misses you.
The very large slime creature hits you!!
The enormous slime creature hits you!!!
* * * LOW HITPOINT WARNING * * *
The slime creature barely misses you. x2
You climb upwards.
There is a stone staircase leading down here.
Unknown command.
Unknown command.
Unknown command.
Casting: Summon Forest (safe; 8% risk of failure)
Confirm with . or Enter, or press ? or * to list all spells.
You blink.
You are splashed with acid.
You resist. The Shining One protects you from harm!
You are splashed with acid.
You resist. The Shining One protects you from harm!
You are splashed with acid.
You resist.
You die...

###.#......................#...##
#.......#........>..............#
.......#...........<.
.............#.............>.#...


You could see an azure jelly, an enormous slime creature, a very large slime
creature and 3 slime creatures.

Vanquished Creatures
  Sojobo (Vaults:2)
  Rupert (Orc:2)
  Jorgrun (Swamp:3)
  5 acid blobs
  Frances (D:13)
  A sphinx (Vaults:3)
  2 thorn hunters
  3 tengu reavers
  Donald (Spider:1)
  An azure jelly (Slime:3)
  2 frost giants (Vaults:3)
  4 fire giants
  An orc warlord (Orc:2)
  2 deep elf sorcerers (Vaults:3)
  3 ghost moths
  Aizul (Spider:1)
  11 vault wardens
  The ghost of s1mppe the Dealer of Despair, a journeyman DsNe of Kikubaaqudgha (D:15)
  A ghoul (Vaults:2)
  6 emperor scorpions
  11 ironheart preservers
  A war gargoyle (Vaults:2)
  4 very ugly things
  5 entropy weavers
  4 stone giants
  Azrael (D:15)
  3 deep elf annihilators
  6 dire elephants
  A death ooze (Slime:3)
  2 merfolk javelineers (D:15)
  3 ettins
  Josephine (D:10)
  2 fire dragons
  3 yaktaur captains
  11 vault guards
  2 naga warriors (D:15)
  Harold (D:7)
  A rakshasa (Vaults:1)
  A catoblepas (Lair:5)
  4 ice dragons
  5 great orbs of eyes
  8 centaur warriors
  3 shambling mangroves
  22 hydras
  An anaconda (Lair:6)
  4 death knights
  3 ghost crabs
  The ghost of Zixosan the Carver, a journeyman DsMo of Hepliaklqana (D:13)
  7 alligators
  2 deep troll shamans
  38 two-headed ogres
  5 death yaks (Lair:6)
  14 ogre magi
  A tengu warrior (D:15)
  A queen ant (Spider:2)
  An orc high priest (Orc:1)
  2 deep troll earth magi
  Urug (Lair:1)
  5 deep elf knights
  4 skeletal warriors
  2 shadow wraiths
  4 spriggan druids
  2 unseen horrors
  A flayed ghost (Vaults:1)
  16 swamp dragons
  A deep elf archer (Vaults:1)
  9 deep trolls
  15 ironbrand convokers
  6 harpies
  A wizard (Vaults:3)
  A necromancer (D:15)
  3 phantasmal warriors
  A lindwurm (shapeshifter) (Vaults:1)
  23 orb spiders
  10 orc knights
  9 deep elf magi
  45 ugly things
  48 wolf spiders
  3 salamanders (Volcano)
  A frost giant zombie (D:15)
  6 orc sorcerers
  6 cyclopes
  A shining eye (Slime:4)
  3 manticores (D:11)
  5 moths of wrath
  4 black mambas
  4 elephants (Lair:6)
  2 eyes of devastation
  3 torpor snails
  A frost giant skeleton (D:15)
  12 vault sentinels
  13 spiny frogs
  4 gargoyles
  7 demonic crawlers
  6 freezing wraiths
  18 yaktaurs
  4 komodo dragons
  A tengu conjurer (D:15)
  A queen bee (shapeshifter) (Vaults:4)
  2 guardian mummies (D:11)
  7 trolls
  42 jumping spiders
  10 tyrant leeches
  3 jumping spiders (shapeshifter)
  9 bog bodies
  58 slime creatures
  A blink frog (shapeshifter) (Vaults:1)
  26 hornets
  A hornet (shapeshifter) (Vaults:1)
  22 blink frogs
  Prince Ribbit (D:6)
  2 deep troll zombies (D:15)
  4 wargs
  4 hippogriffs
  2 shadows
  A tarantella (shapeshifter) (Vaults:4)
  80 redbacks
  9 spriggans
  7 wraiths
  37 tarantellas
  A basilisk (shapeshifter) (Vaults:3)
  45 yaks
  A vampire (Swamp:1)
  14 wyverns
  3 fire elementals (D:15)
  6 fire bats (Volcano)
  7 humans (D:13)
  6 golden eyes (Slime:3)
  7 basilisks
  4 hungry ghosts
  4 steam dragons (Volcano)
  5 vampire mosquitoes
  Menkaure (D:4)
  An insubstantial wisp (Swamp:3)
  12 swamp worms
  An acid dragon (D:14)
  A hell hound (D:15)
  A soldier ant (shapeshifter) (Vaults:4)
  10 soldier ants (Spider:2)
  5 porcupines
  12 water moccasins
  11 swamp drakes
  49 orc warriors
  4 ice beasts
  2 black bears
  2 sky beasts
  2 eyes of draining
  4 phantoms
  47 ogres
  5 boggarts (Vaults:2)
  13 wolves
  A centaur (shapeshifter) (D:11)
  24 centaurs
  17 crocodiles
  18 bullfrogs
  A wyvern zombie (D:9)
  A glowing shapeshifter simulacrum (Vaults:1)
  2 wyvern skeletons
  4 scorpions
  A killer bee (D:11)
  2 howler monkeys (D:9)
  3 bullfrog zombies
  4 crimson imps
  4 centaur zombies
  6 hounds
  23 orc wizards
  3 centaur skeletons
  24 orc priests
  5 jellies
  A bullfrog skeleton (D:4)
  7 iguanas
  Ijyb (D:2)
  2 hell rats (Lair:4)
  29 worker ants
  2 hound zombies
  A hound skeleton (D:7)
  2 worker ant zombies
  9 gnolls
  A howler monkey skeleton (D:9)
  10 adders
  6 river rats (Lair:4)
  4 shadow imps
  3 oozes
  An adder zombie (D:9)
  6 worms
  An adder skeleton (D:4)
  5 leopard geckos
  127 orcs
  13 giant cockroaches
  6 goblins
  6 hobgoblins
  14 jackals
  2 quokkas
  2 bats
  3 frilled lizards
  A jackal skeleton (D:8)
  7 kobolds
  11 rats
  A fungus (Lair:4)
  7 plants
1594 creatures vanquished.

Vanquished Creatures (collateral kills)
  An acid blob (Slime:2)
  An azure jelly (Slime:3)
  A deep elf sorcerer (Vaults:3)
  An emperor scorpion (Spider:4)
  3 ironheart preservers
  A stone giant (Vaults:3)
  An ettin (Vaults:4)
  2 rakshasas (Vaults:3)
  A great orb of eyes (Vaults:3)
  An ice dragon (Vaults:3)
  A two-headed ogre (D:11)
  A deep elf archer (Vaults:1)
  An orc knight (Vaults:3)
  An orb spider (Spider:4)
  2 wolf spiders (Spider:4)
  A deep elf mage (Vaults:4)
  A shining eye (Slime:3)
  2 jumping spiders (Spider:4)
  14 slime creatures
  A tarantella (Spider:3)
  A redback (Spider:4)
  2 golden eyes (Slime:3)
  2 eyes of draining
  2 centaurs (Bailey)
  9 orcs
54 creatures vanquished.

Vanquished Creatures (others)
  A stone giant (Vaults:3)
  A yaktaur captain (Vaults:1)
  A centaur warrior (Vaults:1)
  A deep elf archer (Vaults:3)
  A wolf spider (Spider:4)
  An orb spider (Spider:4)
  6 yaktaurs
  2 jumping spiders
  3 hornets
  A slime creature (Swamp:3)
  A spriggan (Swamp:3)
  A tarantella (Spider:4)
  A steam dragon (Volcano)
  2 insubstantial wisps (Swamp:3)
  A warg (D:11)
  4 centaurs
  An orc wizard (Orc:2)
  4 fungi
  9 plants
  A snaplasher vine (Slime:2)
43 creatures vanquished.

Grand Total: 1691 creatures vanquished

Notes
Turn   | Place    | Note
-------+----------+-------------------------------------------
     0 | D:1      | MordorOrchid the Gnoll Fighter began the quest for the Orb.
     0 | D:1      | Reached XP level 1. HP: 23/23 MP: 1/1
   172 | D:1      | Reached XP level 2. HP: 29/29 MP: 2/2
   737 | D:2      | Reached XP level 3. HP: 28/35 MP: 3/3
   790 | D:2      | Found a glowing golden altar of the Shining One.
   797 | D:2      | Became a worshipper of the Shining One
   848 | D:2      | Found a stormy altar of Qazlal.
   959 | D:2      | Reached skill level 1 in Invocations
  1107 | D:3      | Noticed Ijyb
  1119 | D:2      | Killed Ijyb
  1119 | D:2      | Reached skill level 1 in Short Blades
  1119 | D:2      | Reached skill level 1 in Long Blades
  1119 | D:2      | Reached skill level 1 in Maces & Flails
  1119 | D:2      | Reached skill level 1 in Polearms
  1119 | D:2      | Reached skill level 1 in Staves
  1119 | D:2      | Reached skill level 1 in Slings
  1119 | D:2      | Reached skill level 1 in Bows
  1119 | D:2      | Reached skill level 1 in Crossbows
  1119 | D:2      | Reached skill level 1 in Throwing
  1119 | D:2      | Reached skill level 1 in Dodging
  1119 | D:2      | Reached skill level 1 in Stealth
  1119 | D:2      | Reached skill level 1 in Unarmed Combat
  1119 | D:2      | Reached skill level 1 in Spellcasting
  1119 | D:2      | Reached skill level 1 in Evocations
  1119 | D:2      | Reached XP level 4. HP: 37/41 MP: 5/5
  1186 | D:3      | Reached skill level 1 in Conjurations
  1186 | D:3      | Reached skill level 1 in Hexes
  1186 | D:3      | Reached skill level 1 in Charms
  1186 | D:3      | Reached skill level 1 in Summonings
  1186 | D:3      | Reached skill level 1 in Necromancy
  1186 | D:3      | Reached skill level 1 in Translocations
  1186 | D:3      | Reached skill level 1 in Transmutations
  1186 | D:3      | Reached skill level 1 in Fire Magic
  1186 | D:3      | Reached skill level 1 in Ice Magic
  1186 | D:3      | Reached skill level 1 in Air Magic
  1186 | D:3      | Reached skill level 1 in Earth Magic
  1186 | D:3      | Reached skill level 1 in Poison Magic
  1215 | D:3      | Reached XP level 5. HP: 46/47 MP: 5/7
  1426 | D:3      | Reached * piety under the Shining One
  1442 | D:3      | Reached XP level 6. HP: 50/53 MP: 8/8
  1680 | D:4      | Reached skill level 5 in Axes
  1706 | D:4      | Found Fecwuvoi's Gadget Shop.
  1711 | D:4      | Reached XP level 7. HP: 59/59 MP: 10/10
  1720 | D:4      | Found a burning altar of Makhleb.
  1720 | D:4      | Found an ancient bone altar of Kikubaaqudgha.
  1721 | D:4      | Found a hide-covered altar of Uskayaw.
  1771 | D:4      | Bought a wand of enslavement (11) for 169 gold pieces
  1929 | D:4      | Noticed Menkaure
  1935 | D:4      | Killed Menkaure
  1977 | D:5      | Entered Level 5 of the Dungeon
  2074 | D:5      | Found a staircase to the Ecumenical Temple.
  2443 | D:5      | Reached XP level 8. HP: 64/67 MP: 12/12
  2868 | D:6      | Noticed Prince Ribbit
  2877 | D:6      | Killed Prince Ribbit
  2883 | D:6      | Reached ** piety under the Shining One
  3175 | D:6      | Reached XP level 9. HP: 61/72 MP: 14/14
  3468 | D:4      | Learned a level 1 spell: Confusing Touch
  3631 | D:7      | Noticed Harold
  3654 | D:7      | Killed Harold
  3654 | D:7      | Reached skill level 5 in Invocations
  3890 | D:7      | Reached XP level 10. HP: 36/80 MP: 15/17
  3997 | D:7      | Found a shattered altar of Ashenzari.
  4255 | D:8      | Noticed a two-headed ogre
  4272 | D:8      | Killed a two-headed ogre
  4272 | D:8      | Reached skill level 5 in Short Blades
  4272 | D:8      | Reached skill level 5 in Long Blades
  4272 | D:8      | Reached skill level 5 in Maces & Flails
  4272 | D:8      | Reached skill level 5 in Polearms
  4272 | D:8      | Reached skill level 5 in Staves
  4272 | D:8      | Reached skill level 5 in Slings
  4272 | D:8      | Reached skill level 5 in Bows
  4272 | D:8      | Reached skill level 5 in Crossbows
  4272 | D:8      | Reached skill level 5 in Throwing
  4272 | D:8      | Reached skill level 5 in Dodging
  4272 | D:8      | Reached skill level 5 in Stealth
  4272 | D:8      | Reached skill level 5 in Unarmed Combat
  4272 | D:8      | Reached skill level 5 in Spellcasting
  4272 | D:8      | Reached skill level 5 in Evocations
  4532 | D:8      | Noticed a two-headed ogre
  4541 | D:8      | Killed a two-headed ogre
  4637 | D:8      | Reached *** piety under the Shining One
  4925 | D:9      | Reached XP level 11. HP: 87/87 MP: 19/19
  4999 | D:9      | Found a bloodstained altar of Trog.
  5479 | D:10     | Entered Level 10 of the Dungeon
  5538 | D:10     | Reached skill level 5 in Conjurations
  5538 | D:10     | Reached skill level 5 in Hexes
  5538 | D:10     | Reached skill level 5 in Charms
  5538 | D:10     | Reached skill level 5 in Summonings
  5538 | D:10     | Reached skill level 5 in Necromancy
  5538 | D:10     | Reached skill level 5 in Translocations
  5538 | D:10     | Reached skill level 5 in Transmutations
  5538 | D:10     | Reached skill level 5 in Fire Magic
  5538 | D:10     | Reached skill level 5 in Ice Magic
  5538 | D:10     | Reached skill level 5 in Air Magic
  5538 | D:10     | Reached skill level 5 in Earth Magic
  5538 | D:10     | Reached skill level 5 in Poison Magic
  5811 | D:10     | Noticed Josephine
  5837 | D:10     | Killed Josephine
  6213 | D:11     | Found a flagged portal.
  6221 | Bailey   | Entered a bailey
  6814 | Bailey   | Got a faintly glowing hand crossbow
  6909 | Bailey   | Identified the +5 hand crossbow "Wioguap" {freeze, Str+7}
                  | (You found it in a bailey)
  6973 | D:11     | Noticed a two-headed ogre
  7096 | D:11     | Found a staircase to the Lair.
  7169 | D:11     | Reached XP level 12. HP: 96/96 MP: 19/22
  7228 | D:11     | Reached **** piety under the Shining One
  7289 | D:11     | Noticed a reaper
  7314 | D:11     | Found a portal to a secret trove of treasure.
  7373 | D:11     | Noticed a two-headed ogre
  7392 | D:11     | Killed a two-headed ogre
  7489 | D:11     | Found a staircase to the Orcish Mines.
  7606 | D:11     | Noticed an eight-headed hydra
  7621 | D:11     | Killed a one-headed hydra
  7621 | D:11     | Identified the +3 battleaxe "Tuushroi" {chop, rElec}
  7621 | D:11     | Identified the ring "Asyh Suqu" {rN++ Str+2 Dex+4 Slay-5}
  7621 | D:11     | Noticed a centaur warrior
  7646 | D:11     | Killed a centaur warrior
  7650 | D:11     | Reached skill level 10 in Fighting
  7650 | D:11     | Reached skill level 10 in Armour
  7650 | D:11     | Reached skill level 10 in Shields
  7650 | D:11     | Reached XP level 13. HP: 37/103 MP: 22/24
  7873 | D:11     | Got a fine chain mail
  7886 | D:11     | Got a steaming hunting sling
  7928 | D:11     | Identified the +3 hunting sling of the Six Emperors
                  | {velocity, +Fly Int+4} (You found it on level 11 of the
                  | Dungeon)
  7944 | D:11     | Got a crude ring mail
  8255 | D:12     | Identified the +1 ring mail of the Komodo Dragon {rN+ Str+2
                  | Slay-4} (You found it on level 11 of the Dungeon)
  8270 | D:12     | Identified the +7 chain mail of Depression {rF- rCorr Int+8
                  | Stlth+} (You found it on level 11 of the Dungeon)
  8635 | D:13     | Noticed Frances
  8661 | D:13     | Killed Frances
  8676 | D:13     | Found a large runed translucent door.
  8676 | D:13     | Found a large runed translucent door.
  8686 | D:13     | Noticed Zixosan's ghost (journeyman DsMo)
  8836 | D:13     | Reached XP level 14. HP: 101/111 MP: 26/26
  9099 | D:13     | Found a gate to the Vaults.
  9109 | D:13     | Identified the cursed +0 shield "Tafyehocw" {-Cast rF-
                  | rCorr MP+9} (You found it on level 13 of the Dungeon)
  9326 | D:14     | You fall into a shaft and drop 1 floor!
  9326 | D:15     | Entered Level 15 of the Dungeon
  9331 | D:15     | Got an encrusted longbow
  9379 | D:15     | Found a staircase to the Depths.
  9541 | D:13     | Reached skill level 10 in Axes
 10163 | D:15     | Noticed Azrael
 10186 | D:15     | Killed Azrael
 10254 | D:15     | Found a runed translucent gate.
 10254 | D:15     | Found a runed translucent gate.
 10254 | D:15     | Found a runed translucent gate.
 10256 | D:15     | Noticed s1mppe's ghost (journeyman DsNe)
 10259 | D:15     | Found an iron altar of Okawaru.
 10289 | D:15     | Reached skill level 10 in Invocations
 10434 | D:15     | Reached XP level 15. HP: 100/119 MP: 28/28
 10481 | D:15     | Killed s1mppe's ghost
 10521 | D:15     | Got a transparent brass ring
 10978 | Lair:1   | Entered Level 1 of the Lair of Beasts
 11029 | Lair:1   | Identified the ring of Absolutism {rElec rF+ rC+} (You
                  | found it on level 15 of the Dungeon)
 11211 | Lair:1   | Learned a level 2 spell: Blink
 11448 | Lair:1   | Noticed Urug
 11462 | Lair:1   | Killed Urug
 11650 | Lair:1   | Learned a level 3 spell: Mephitic Cloud
 12013 | Lair:2   | Found a hole to the Spider Nest.
 12100 | Lair:2   | Found a dark tunnel.
 12141 | Volcano  | Entered a volcano
 13041 | Lair:3   | Identified the cursed +0 longbow of Linearity {flame, rPois
                  | MP+9} (You found it on level 15 of the Dungeon)
 13839 | Lair:4   | Found a staircase to the Swamp.
 13914 | Lair:4   | Reached skill level 10 in Short Blades
 13914 | Lair:4   | Reached skill level 10 in Long Blades
 13914 | Lair:4   | Reached skill level 10 in Maces & Flails
 13914 | Lair:4   | Reached skill level 10 in Polearms
 13914 | Lair:4   | Reached skill level 10 in Staves
 13914 | Lair:4   | Reached skill level 10 in Slings
 13914 | Lair:4   | Reached skill level 10 in Bows
 13914 | Lair:4   | Reached skill level 10 in Crossbows
 13914 | Lair:4   | Reached skill level 10 in Throwing
 13914 | Lair:4   | Reached skill level 10 in Dodging
 13914 | Lair:4   | Reached skill level 10 in Stealth
 13914 | Lair:4   | Reached skill level 10 in Unarmed Combat
 13914 | Lair:4   | Reached skill level 10 in Spellcasting
 13914 | Lair:4   | Reached skill level 10 in Evocations
 14051 | Lair:5   | Found a staircase to the Slime Pits.
 14051 | Lair:5   | Found a viscous altar of Jiyva.
 14356 | Lair:6   | Entered Level 6 of the Lair of Beasts
 14389 | Lair:6   | Identified the +2 scale mail "Ubumein" {rElec rF- rN+++
                  | Regen+} (You found it on level 6 of the Lair of Beasts)
 14751 | Lair:6   | Reached XP level 16. HP: 122/127 MP: 27/30
 14761 | Lair:6   | Found a runed translucent gate.
 14762 | Lair:6   | Found a runed translucent gate.
 14762 | Lair:6   | Found a runed translucent gate.
 14765 | Lair:6   | Noticed GordonOverkill's ghost (journeyman TrAM)
 16001 | Lair:4   | Upgraded the game from 0.24-a0-581-gc0fa6600bf to
                  | 0.24-a0-582-g4d4af813a0
 16006 | Swamp:1  | Entered Level 1 of the Swamp
 16048 | Swamp:1  | Found a runed translucent gate.
 16048 | Swamp:1  | Found a runed translucent gate.
 16048 | Swamp:1  | Found a runed translucent gate.
 16050 | Swamp:1  | Noticed Gynju's ghost (adept BaFi)
 16145 | Swamp:1  | Learned a level 3 spell: Conjure Flame
 16194 | Swamp:1  | Identified a scroll of acquirement
 17228 | Swamp:3  | Noticed a thorn hunter
 17330 | Swamp:3  | Killed a thorn hunter
 17332 | Swamp:3  | Reached ***** piety under the Shining One
 17688 | Swamp:3  | Identified Siful's Collected Works on Curses
 17712 | Swamp:3  | Noticed Jorgrun
 17735 | Swamp:3  | Killed Jorgrun
 17735 | Swamp:3  | Reached XP level 17. HP: 106/135 MP: 31/31
 17986 | Swamp:3  | Found a glowing golden altar of the Shining One.
 18093 | Swamp:4  | Entered Level 4 of the Swamp
 19332 | Swamp:4  | Got a decaying rune of Zot
 19702 | Spider:1 | Entered Level 1 of the Spider Nest
 19753 | Spider:1 | Noticed Donald
 19774 | Spider:1 | Killed Donald
 19816 | Spider:1 | Noticed Aizul
 19836 | Spider:1 | Killed Aizul
 20836 | Spider:3 | Reached XP level 18. HP: 142/143 MP: 29/33
 20919 | Spider:3 | Reached skill level 10 in Conjurations
 20919 | Spider:3 | Reached skill level 10 in Hexes
 20919 | Spider:3 | Reached skill level 10 in Charms
 20919 | Spider:3 | Reached skill level 10 in Summonings
 20919 | Spider:3 | Reached skill level 10 in Necromancy
 20919 | Spider:3 | Reached skill level 10 in Translocations
 20919 | Spider:3 | Reached skill level 10 in Transmutations
 20919 | Spider:3 | Reached skill level 10 in Fire Magic
 20919 | Spider:3 | Reached skill level 10 in Ice Magic
 20919 | Spider:3 | Reached skill level 10 in Air Magic
 20919 | Spider:3 | Reached skill level 10 in Earth Magic
 20919 | Spider:3 | Reached skill level 10 in Poison Magic
 21772 | Spider:3 | Identified the +8 battleaxe "Ulewur" {freeze, rPois} (You
                  | found it on level 3 of the Spider Nest)
 21800 | Spider:3 | Reached ****** piety under the Shining One
 22151 | Spider:4 | Entered Level 4 of the Spider Nest
 22450 | Spider:3 | Identified the Catalogue of Blistering Transmigration
 22455 | Spider:3 | Learned a level 2 spell: Passwall
 23551 | Spider:4 | Reached XP level 19. HP: 145/150 MP: 0/35
 24100 | Spider:4 | Got a gossamer rune of Zot
 24293 | Orc:1    | Entered Level 1 of the Orcish Mines
 24471 | Orc:2    | Entered Level 2 of the Orcish Mines
 24515 | Orc:2    | Noticed Rupert
 24539 | Orc:2    | Killed Rupert
 24728 | Orc:2    | Found a staircase to the Elven Halls.
 24918 | Orc:2    | Found Biakos's Weapon Boutique.
 24918 | Orc:2    | Found Cewiem's Armour Emporium.
 24926 | Orc:2    | Found Boruesy's Magic Scroll Shoppe.
 24926 | Orc:2    | Found Vaulae's Gadget Boutique.
 24926 | Orc:2    | Paralysed by an ogre mage for 7 turns
 25252 | Orc:1    | Found Ophuni's Antique Armour Shop.
 25302 | Orc:1    | Bought a blackened ring mail for 324 gold pieces
 25302 | Orc:1    | Bought a jewelled scale mail for 324 gold pieces
 25468 | Orc:2    | Bought a scroll of blinking for 112 gold pieces
 25468 | Orc:2    | Bought a scroll of fear for 52 gold pieces
 25468 | Orc:2    | Bought a scroll of identify for 30 gold pieces
 25468 | Orc:2    | Bought a scroll of identify for 30 gold pieces
 25468 | Orc:2    | Bought a scroll of identify for 30 gold pieces
 25468 | Orc:2    | Bought a scroll of identify for 30 gold pieces
 25468 | Orc:2    | Identified the +4 ring mail of Nauh {rPois} (You bought it
                  | in a shop on level 1 of the Orcish Mines)
 25469 | Orc:2    | Identified the cursed +0 scale mail of Responsibility {rC+
                  | rN+ Int-5} (You bought it in a shop on level 1 of the
                  | Orcish Mines)
 25473 | Orc:2    | Bought a +0 pair of gloves of archery for 149 gold pieces
 25487 | Orc:2    | Bought a wand of acid (10) for 392 gold pieces
 25488 | Orc:2    | Bought a scroll of holy word for 112 gold pieces
 25732 | D:13     | Killed Zixosan's ghost
 25804 | Vaults:1 | Entered Level 1 of the Vaults
 25919 | Vaults:1 | Learned a level 4 spell: Olgreb's Toxic Radiance
 26030 | Vaults:1 | Paralysed by an ogre mage for 4 turns
 26711 | Vaults:1 | Reached XP level 20. HP: 153/159 MP: 36/36
 28320 | Vaults:2 | Noticed Sojobo
 28363 | Vaults:2 | Killed Sojobo
 28968 | Vaults:3 | Reached XP level 21. HP: 148/166 MP: 28/38
 29150 | Vaults:3 | Learned a level 5 spell: Aura of Abjuration
 29171 | Vaults:3 | Found a staircase to the Crypt.
 29171 | Vaults:3 | Found a basalt altar of Yredelemnul.
 29172 | Vaults:3 | Found an ancient bone altar of Kikubaaqudgha.
 30005 | Vaults:3 | Reached skill level 15 in Fighting
 30005 | Vaults:3 | Reached skill level 15 in Armour
 30005 | Vaults:3 | Reached skill level 15 in Shields
 30231 | Vaults:4 | Reached skill level 15 in Invocations
 30586 | Vaults:4 | Learned a level 5 spell: Summon Mana Viper
 31239 | Vaults:4 | Reached XP level 22. HP: 168/175 MP: 31/40
 31489 | Vaults:4 | Identified the +8 shortbow "Kyubafu" {freeze, Str+7} (You
                  | found it on level 4 of the Vaults)
 31814 | Slime:1  | Entered Level 1 of the Pits of Slime
 32079 | Slime:2  | Learned a level 5 spell: Summon Forest
 32271 | Slime:3  | Gained mutation: You are dopey. (Int -2) [a shining eye]
 32277 | Slime:3  | Gained mutation: Your spells are a little easier to cast,
                  | but a little less powerful. [a shining eye]
 32734 | Slime:4  | HP: 3/175 [enormous slime creature (64)]
 32736 | Slime:3  | The Shining One protects you from harm!
 32737 | Slime:3  | The Shining One protects you from harm!
 32738 | Slime:3  | Splashed with acid

Levels and vault maps discovered:
D:1:      dpeg_arrival_three_same_balls, layout_basic, serial_glass,
          glass_columns_a, glass_columns_b
D:2:      layout_basic, nicolae_qazlal_general_emergency, tso_altar
D:3:      minmay_roachtagon, layout_loops_ring, uniq_ijyb
D:4:      layout_basic, gammafunk_temple_overflow_forgotten, serial_shops,
          shop_coins, first_ration, uniq_menkaure
D:5:      layout_basic, minmay_temple_entry_ruins
D:6:      layout_loops_ring, grunt_ministairs_2, uniq_prince_ribbit1
D:7:      layout_loops_ring, ashenzari_conservatory_becter, uniq_harold
D:8:      layout_loops_ring, nicolae_ru_the_path_less_chosen
D:9:      layout_grid_maze, old_standard_altar, serial_shops, kennysheep_mini
D:10:     layout_irregular_city, uniq_josephine
D:11:     minmay_the_grid_octo_tiled_octocenter
          [minmay_the_grid_octo_tetromino_candy, minmay_the_grid_octo_pinwheel,
          minmay_the_grid_octo_fat_diamond, minmay_the_grid_octo_odd_swirl,
          minmay_the_grid_octo_prize_square_snowflake,
          minmay_the_grid_square_5x5_mess, minmay_the_grid_square_5x5_seven,
          minmay_the_grid_square_5x5_slash, minmay_the_grid_square_5x5_inner_i],
          layout_rooms, erik_lair_orcish_takeover, enter_bailey_3,
          nicolae_trove_entry_path_of_doom
D:12:     layout_layer_cave
D:13:     layout_small_grid, ximxim_vaults_locker_room,
          ebering_ghost_disaster_area, uniq_frances
D:14:     layout_long_grid, minmay_misc_feat_five
D:15:     gammafunk_depths_entry_grave, layout_rooms,
          gammafunk_ghost_fury_of_okawaru, minmay_misc_feat_hallway, uniq_azrael
Lair:1:   layout_small_grid, lemuel_fruit_fields, infiniplex_staircase_pool_2,
          uniq_urug
Lair:2:   layout_hall_layers, nicolae_spider_entry_orb_guardian, enter_volcano_4
Lair:3:   layout_small_grid, hibernation_bobbens
Lair:4:   layout_loops_ring, swamp_mist, kennysheep_rathole
Lair:5:   layout_misc_corridors, slime_altar_1, serial_rivers,
          chequers_serial_rivers_micro_c, chequers_serial_rivers_micro_e,
          chequers_serial_rivers_micro_b, chequers_serial_rivers_small_3
Lair:6:   due_jungle_book, layout_big_grid, ebering_ghost_rock_garden
Swamp:1:  layout_falls_marsh, ebering_ghost_rock_garden,
          evilmike_swamp_ruin_rubble_2, swamp_pool4,
          cheibrodos_swamp_pet_leeches
Swamp:2:  layout_falls_marsh, hangedman_swamp_ruin_wall
Swamp:3:  layout_basic_swamp, basic_altar, swamp_pool5, uniq_jorgrun
Swamp:4:  swamp_basic_johnstein, layout_basic_swamp, infiniplex_staircase_pool
Spider:1: layout_spider_delve, uniq_donald, uniq_aizul
Spider:2: layout_spider_delve, nicolae_spider_webs_and_nodes,
          minmay_another_anthill
Spider:3: layout_spider_delve
Spider:4: spider_rune_water
Slime:1:  layout_caves
Slime:2:  cheibrodos_slime_lost_civilization_8, layout_caves
Slime:3:  layout_caves
Slime:4:  layout_caves
Orc:1:    layout_diamond_mine, serial_shops, shop
Orc:2:    st_orc_ogre_mass, layout_caves, uniq_rupert
Vaults:1: nicolae_vaults_windows_and_doors_thing, nicolae_vaults_circle_grid_b,
          v_alt_pattern_2, nicolae_vaults_network_square, v_misc_15,
          nicolae_vaults_branching_niches, nicolae_vaults_border_crossing,
          layout_vaults_omnigrid
Vaults:2: nicolae_vaults_rhombus_7, vaults_dpeg_doors, ontoclasm_vaults_tryst,
          v_misc_5, v_misc_27, vaults_room_hallway, hangedman_vaults_trim,
          hangedman_vaults_capsules, ontoclasm_vaults_decontamination,
          ontoclasm_vaults_eye, v_alt_pattern_5,
          nicolae_vaults_little_squares_5, st_more_cells,
          vaults_dpeg_encased_lava, vaults_room_door_ring,
          layout_vaults_omnicross, uniq_sojobo
Vaults:3: nicolae_vaults_little_squares_4, minmay_crypt_entry_necro_gods,
          dpeg_vaults_monster_row, vaults_standard_mumra_lines,
          ontoclasm_vaults_spin, vaults_dpeg_spiral,
          nicolae_vaults_hallways_thing, nicolae_vaults_little_squares_5,
          vaults_room_guarded_vault, nicolae_vaults_mini_display_case,
          v_misc_29, vaults_room_ringed_pool, vaults_dpeg_diagonal,
          nicolae_vaults_little_squares_4, vaults_mumra_hexcomb,
          layout_vaults_maze_bifur
Vaults:4: v_misc_28, dpeg_vaults_monster_box, nicolae_vaults_network_quinsquares
          [nicolae_vaults_network_quincunx_subvault,
          nicolae_vaults_network_quincunx_subvault,
          nicolae_vaults_network_quincunx_subvault,
          nicolae_vaults_network_quincunx_subvault], vaults_standard_mumra_x,
          hangedman_vaults_river_flow, grunt_vaults_diagonal,
          grunt_vaults_focal, vaults_room_large_hall, vaults_mumra_hex,
          vaults_room_stairs_pillars, vaults_room_grid,
          layout_vaults_chaotic_city

Skill      XL: |  1  2  3  4  5  6  7  8  9 10 11 12 13 14 15 16 17 18 19 20 21 |
---------------+----------------------------------------------------------------+-----
Invocations    | 1 2 3 4 5 6 7 8 9 10 11 12 13 14 15 | 15.3
Short Blades   | 1 2 3 4 5 6 7 8 9 10 11 12 13 14 | 14.2
Long Blades    | 1 2 3 4 5 6 7 8 9 10 11 12 13 14 | 14.2
Maces & Flails | 1 2 3 4 5 6 7 8 9 10 11 12 13 14 | 14.2
Polearms       | 1 2 3 4 5 6 7 8 9 10 11 12 13 14 | 14.2
Staves         | 1 2 3 4 5 6 7 8 9 10 11 12 13 14 | 14.2
Slings         | 1 2 3 4 5 6 7 8 9 10 11 12 13 14 | 14.2
Bows           | 1 2 3 4 5 6 7 8 9 10 11 12 13 14 | 14.2
Crossbows      | 1 2 3 4 5 6 7 8 9 10 11 12 13 14 | 14.2
Throwing       | 1 2 3 4 5 6 7 8 9 10 11 12 13 14 | 14.2
Dodging        | 1 2 3 4 5 6 7 8 9 10 11 12 13 14 | 14.2
Stealth        | 1 2 3 4 5 6 7 8 9 10 11 12 13 14 | 14.2
Unarmed Combat | 1 2 3 4 5 6 7 8 9 10 11 12 13 14 | 14.2
Spellcasting   | 1 2 3 4 5 6 7 8 9 10 11 12 13 14 | 14.2
Evocations     | 1 2 3 4 5 6 7 8 9 10 11 12 13 14 | 14.2
Conjurations   | 1 2 3 4 5 6 7 8 9 10 11 12 | 12.2
Hexes          | 1 2 3 4 5 6 7 8 9 10 11 12 | 12.2
Charms         | 1 2 3 4 5 6 7 8 9 10 11 12 | 12.2
Summonings     | 1 2 3 4 5 6 7 8 9 10 11 12 | 12.2
Necromancy     | 1 2 3 4 5 6 7 8 9 10 11 12 | 12.2
Translocations | 1 2 3 4 5 6 7 8 9 10 11 12 | 12.2
Transmutations | 1 2 3 4 5 6 7 8 9 10 11 12 | 12.2
Fire Magic     | 1 2 3 4 5 6 7 8 9 10 11 12 | 12.2
Ice Magic      | 1 2 3 4 5 6 7 8 9 10 11 12 | 12.2
Air Magic      | 1 2 3 4 5 6 7 8 9 10 11 12 | 12.2
Earth Magic    | 1 2 3 4 5 6 7 8 9 10 11 12 | 12.2
Poison Magic   | 1 2 3 4 5 6 7 8 9 10 11 12 | 12.2
Axes           | 5 6 7 8 9 10 11 12 13 14 | 14.8
Fighting       | 7 8 9 10 11 12 13 14 15 | 15.3
Armour         | 7 8 9 10 11 12 13 14 15 | 15.3
Shields        | 7 8 9 10 11 12 13 14 15 | 15.3

Action                   |  1- 3 |  4- 6 |  7- 9 | 10-12 | 13-15 | 16-18 | 19-21 | 22-24 || total
-------------------------+-------+-------+-------+-------+-------+-------+-------+-------++-------
Melee: War axe           |    60 |    63 |   100 |   614 |   974 |  1225 |  1292 |   138 ||  4466
       Bite              |     3 |    16 |    22 |    83 |   146 |   180 |   216 |    30 ||   696
       Hand axe          |       |    51 |   129 |       |       |       |       |       ||   180
       Short sword       |       |       |       |     5 |       |       |       |       ||     5
 Fire: Hand crossbow     |       |       |       |     2 |    68 |    14 |   132 |     4 ||   220
Throw: Stone             |     5 |     1 |     7 |       |       |       |       |       ||    13
       Boomerang         |       |       |    11 |    89 |    84 |   173 |    56 |    15 ||   428
       Javelin           |       |       |       |     3 |    47 |     7 |    42 |       ||    99
       Throwing net      |       |       |       |       |     4 |       |     1 |       ||     5
       Dart              |       |       |       |       |    25 |    23 |     9 |       ||    57
 Cast: Confusing Touch   |       |       |     3 |     1 |     3 |       |    16 |       ||    23
       Blink             |       |       |       |       |     5 |     5 |     6 |     1 ||    17
       Mephitic Cloud    |       |       |       |       |       |    65 |    23 |     1 ||    89
       Passwall          |       |       |       |       |       |    20 |    17 |       ||    37
       Conjure Flame     |       |       |       |       |       |     2 |       |       ||     2
       Olgreb's Toxic Ra |       |       |       |       |       |       |    23 |       ||    23
       Summon Mana Viper |       |       |       |       |       |       |     3 |    15 ||    18
       Summon Forest     |       |       |       |       |       |       |       |     3 ||     3
Invok: Divine Shield     |       |       |     1 |    22 |    26 |    18 |    16 |     1 ||    84
       Cleansing Flame   |       |       |       |     1 |       |     4 |     4 |       ||     9
       Summon Divine War |       |       |       |       |       |       |     3 |       ||     3
 Abil: Evoke Berserk Rag |       |       |       |       |     1 |     9 |     3 |       ||    13
Evoke: Wand              |       |     8 |    13 |    20 |     3 |    50 |     2 |     1 ||    97
       Lamp of fire      |       |       |       |       |     1 |       |     1 |       ||     2
       Phantom mirror    |       |       |       |       |       |     1 |       |       ||     1
  Use: Scroll            |     6 |       |    12 |     9 |    17 |     9 |     8 |     1 ||    62
       Potion            |     1 |     1 |     5 |     4 |     2 |     2 |     6 |     1 ||    22
  Eat: Chunk             |     1 |     2 |     8 |    14 |    45 |    22 |    28 |       ||   120
       Ration            |       |       |       |     1 |       |     6 |     2 |     2 ||    11
Armor: Scale mail        |    13 |       |    45 |    96 |     7 |       |       |       ||   161
       Chain mail        |     6 |    37 |     6 |       |   296 |   666 |   339 |    56 ||  1406
Dodge: Dodged            |    16 |    31 |    39 |   125 |   211 |   520 |   271 |    47 ||  1260
Block: Shield            |    35 |    68 |     2 |       |       |       |       |       ||   105
       Large shield      |       |       |   152 |   738 |  1026 |  1504 |  1343 |   133 ||  4896
       Reflection        |       |       |       |    10 |     9 |       |    93 |     2 ||   114

Table legend:
 A = Non-vault XP
 B = Vault XP
 C = Vault XP percentage of total XP
 D = Non-vault monster count
 E = Vault monster count
 F = Vault count percentage of total count
                 A         B        C        D         E       F
            +---------+---------+-------+---------+---------+-------
      Total |  383826 |  229691 |  37.4 |    1203 |     458 |  27.6
            +---------+---------+-------+---------+---------+-------
        D:1 |      16 |       0 |   0.0 |      11 |       0 |   0.0
        D:2 |      46 |      36 |  43.9 |      15 |       1 |   6.2
        D:3 |     234 |      16 |   6.4 |      33 |       8 |  19.5
        D:4 |     342 |     172 |  33.5 |      21 |       1 |   4.5
        D:5 |     746 |       0 |   0.0 |      13 |       0 |   0.0
        D:6 |     995 |     478 |  32.5 |      21 |       5 |  19.2
        D:7 |     815 |    1007 |  55.3 |      25 |       1 |   3.8
        D:8 |    3375 |       0 |   0.0 |      34 |       0 |   0.0
        D:9 |    3133 |       0 |   0.0 |      32 |       0 |   0.0
       D:10 |    1081 |    2090 |  65.9 |      31 |       6 |  16.2
       D:11 |    4658 |   10481 |  69.2 |      28 |      40 |  58.8
       D:12 |    1738 |       0 |   0.0 |      12 |       0 |   0.0
       D:13 |    4065 |    9390 |  69.8 |      16 |      14 |  46.7
       D:14 |    9416 |     778 |   7.6 |      38 |       1 |   2.6
       D:15 |    6193 |   12491 |  66.9 |      10 |      19 |  65.5
     Lair:1 |    3603 |     824 |  18.6 |      16 |       1 |   5.9
     Lair:2 |    6821 |     613 |   8.2 |      32 |       1 |   3.0
     Lair:3 |    5278 |     209 |   3.8 |      26 |       1 |   3.7
     Lair:4 |    1231 |     149 |  10.8 |      10 |       9 |  47.4
     Lair:5 |    8709 |       0 |   0.0 |      18 |       0 |   0.0
     Lair:6 |   15416 |    2828 |  15.5 |      39 |       5 |  11.4
    Swamp:1 |   11261 |     827 |   6.8 |      27 |       3 |  10.0
    Swamp:2 |   12014 |       0 |   0.0 |      27 |       0 |   0.0
    Swamp:3 |   13407 |    6865 |  33.9 |      37 |      10 |  21.3
    Swamp:4 |    9898 |   19195 |  66.0 |      26 |      25 |  49.0
   Spider:1 |   16547 |    3713 |  18.3 |      46 |       2 |   4.2
   Spider:2 |   14133 |    5972 |  29.7 |      36 |      36 |  50.0
   Spider:3 |   31719 |       0 |   0.0 |      95 |       0 |   0.0
   Spider:4 |   17320 |   17509 |  50.3 |      52 |      34 |  39.5
    Slime:2 |   11658 |       0 |   0.0 |      16 |       0 |   0.0
    Slime:3 |   14174 |       0 |   0.0 |      39 |       0 |   0.0
    Slime:4 |    2817 |       0 |   0.0 |       4 |       0 |   0.0
      Orc:1 |    2532 |       0 |   0.0 |      28 |       0 |   0.0
      Orc:2 |    4831 |   20491 |  80.9 |      39 |      40 |  50.6
   Vaults:1 |   46263 |   21533 |  31.8 |      90 |      31 |  25.6
   Vaults:2 |   34569 |   24133 |  41.1 |      70 |      21 |  23.1
   Vaults:3 |   49512 |   32447 |  39.6 |      74 |      40 |  35.1
   Vaults:4 |   13260 |   26083 |  66.3 |      16 |      34 |  68.0
     Bailey |       0 |    2203 | 100.0 |       0 |      39 | 100.0
    Volcano |       0 |    7158 | 100.0 |       0 |      30 | 100.0
            +---------+---------+-------+---------+---------+-------
